 Dungeon Crawl Stone Soup version 0.30-a0-451-ge042605de7 (webtiles) character file.

Game seed: 13226037896246933664

91081 Armakuni the Carver (level 16, -23/101 (122) HPs)
             Began as a Human Monk on Dec 11, 2022.
             Was an Elder of Ru.
             Annihilated by a large abomination (26 damage)
             ... on level 2 of the Abyss.
             The game lasted 01:13:38 (21734 turns).

Armakuni the Carver (Human Monk)                   Turns: 21734, Time: 01:13:38

HP:   -23/101 (122) AC: 17    Str: 17    XL:     16   Next: 49%
MP:   17/17         EV: 17    Int: 13    God:    Ru [****..]
Gold: 1425          SH:  7    Dex: 22    Spells: 15/17 levels left

rFire   . . .      SeeInvis +    a - +7 Throatcutter {drain, coup de grace}
rCold   . . .      Faith    .    h - +0 buckler of the Snail {rN+ SInv}
rNeg    + . .      Spirit   .    G - +2 swamp dragon scales
rPois   +          Reflect  .    k - +2 hat {Will+}
rElec   .          Harm     .    S - scarf {repulsion}
rCorr   .          Rampage  .    d - +0 pair of gloves
Will    ++...                    (no boots)
Stlth   ..........               R - amulet of regeneration
HPRegen 1.16/turn                D - +6 ring of dexterity
MPRegen 0.15/turn                A - +4 ring of protection

@: exhausted, heavily drained, repel missiles
A: no stealth, inability to use devices
a: Renounce Religion, Draw Out Power, Power Leap


You were on level 2 of the Abyss.
You worshipped Ru.
Ru was greatly pleased with you.
You visited 4 branches of the dungeon, and saw 23 of its levels.
You visited the Abyss 1 time.
You also visited: Ossuary and Ice Cave.

You collected 2225 gold pieces.
You spent 800 gold pieces at shops.

Inventory:

Hand Weapons
 a - the +7 Throatcutter (weapon) {drain, coup de grace}
   (You took it off Terence on level 3 of the Dungeon)

   A truly terrible weapon, it drains the life of any living foe it strikes.
   It may instantly kill foes which have little health.
 b - a +0 sling of draining
 v - a +3 scimitar of flaming
Missiles
 y - 4 curare-tipped darts (quivered)
Armour
 d - a +0 pair of gloves (worn)
 h - the +0 buckler of the Snail (worn) {rN+ SInv}
   (You bought it in a shop on level 9 of the Dungeon)

   rN:        It protects you from negative energy.
   SInv:      It lets you see invisible.
 k - a +2 hat of willpower (worn)
 G - +2 swamp dragon scales (worn)
 J - the +15 Maxwell's patent armour {-Cast -Tele rElec Will+ rCorr}
   (You found it on level 1 of the Orcish Mines)

   rElec:     It insulates you from electricity.
   -Cast:     It prevents spellcasting.
   -Tele:     It prevents most forms of teleportation.
   rCorr:     It protects you from acid and corrosion.
   Will:      It increases your willpower.
 S - a scarf of repulsion (worn)
Jewellery
 l - an amulet of guardian spirit
 A - a +4 ring of protection (right hand)
 D - a +6 ring of dexterity (left hand)
 L - a ring of flight
 N - a ring of see invisible
 P - a ring of poison resistance
 R - an amulet of regeneration (around neck)
 W - a ring of willpower
Scrolls
 e - 3 scrolls of teleportation
 i - 3 scrolls of fog
 s - a scroll of amnesia
 t - 5 scrolls of poison
 w - 6 scrolls of blinking
 x - a scroll of fear
 z - a scroll of silence
 B - 2 scrolls of noise
 F - 2 scrolls of identify
 H - a scroll of brand weapon
 I - a scroll of summoning
 K - 4 scrolls of vulnerability
 Q - a scroll of immolation
 X - 4 scrolls of enchant weapon
Potions
 c - 8 potions of ambrosia
 f - a potion of resistance
 j - 3 potions of brilliance
 m - 2 potions of lignification
 n - 3 potions of flight
 r - a potion of haste
 u - 3 potions of magic
 C - 2 potions of mutation
 M - 2 potions of cancellation


   Skills:
 - Level 10.0 Fighting
 + Level 13.0 Long Blades
 - Level 5.0 Armour
 - Level 9.2 Dodging
 - Level 9.0 Shields
 - Level 1.0 Spellcasting
 - Level 3.0 Transmutations


You had 15 spell levels left.
You knew the following spells:

 Your Spells              Type           Power      Damage    Failure   Level
w - Wereblood             Tmut           8%         N/A       26%         2

Your spell library contained the following spells:

 Spells                   Type           Power      Damage    Failure   Level
 Static Discharge         Conj/Air       0%         2-2/arc   65%         2
 Sublimation of Blood     Necr           0%         N/A       65%         2
 Ignite Poison            Fire/Tmut/Pois 3%         N/A       75%         3
 Gell's Gravitas          Tloc           0%         N/A       87%         3
 Inner Flame              Hex/Fire       0%         N/A       87%         3
 Lesser Beckoning         Tloc           0%         N/A       87%         3
 Stone Arrow              Conj/Erth      0%         3d7       87%         3
 Teleport Other           Tloc           0%         N/A       87%         3
 Vhi's Electric Charge    Tloc/Air       0%         N/A       87%         3
 Petrify                  Tmut/Erth      4%         N/A       97%         4
 Anguish                  Hex/Necr       0%         N/A       99%         4
 Animate Armour           Summ/Erth      0%         N/A       99%         4
 Flame Wave               Conj/Fire      0%         2d4       99%         4
 Sticky Flame             Conj/Fire      0%         2d3       99%         4
 Alistair's Intoxication  Tmut/Pois      2%         N/A       100%        5
 Arcjolt                  Conj/Air       0%         1d10      100%        5
 Borgnjor's Vile Clutch   Necr/Erth      0%         N/A       100%        5
 Lightning Bolt           Conj/Air       0%         1d11      100%        5
 Metabolic Englaciation   Hex/Ice        0%         N/A       100%        5
 Eringya's Noxious Bog    Tmut/Pois      2%         N/A       100%        6
 Statue Form              Tmut/Erth      2%         N/A       100%        6
 Enfeeble                 Hex            0%         N/A       100%        7
 Summon Hydra             Summ           0%         N/A       100%        7
 Ignition                 Fire           0%         3d3       100%        8
 Lehudib's Crystal Spear  Conj/Erth      0%         10d2      100%        8


Dungeon Overview and Level Annotations

Branches:
Dungeon (15/15)            Temple (1/1) D:6            Lair (5/5) D:10
  Swamp (0/4) Lair:3       Spider (0/4) Lair:3        Slime (0/5) Lair:4
    Orc (2/2) D:10            Elf (0/3) Orc:2        Vaults (0/5) D:13
Ossuary (visited)           IceCv (visited)
 Depths: D:15

Altars:
Ashenzari
Cheibriados
Dithmenos
Elyvilon
Fedhas
Gozag
Hepliaklqana
Kikubaaqudgha
Makhleb
Nemelex Xobeh
Okawaru
Qazlal
Ru
Sif Muna
Trog
Uskayaw
Vehumet
Wu Jian
Xom
Yredelemnul
Zin
The Shining One
Jiyva
Lugonu

Shops:
D:9 :(?![   D:15 *   Orc:2 ([*:

Annotations:
D:15 Louise


Innate Abilities, Weirdness & Mutations

You cannot be stealthy.
You cannot study or use magical devices.


Message History

Press: ? - help, Q - select action, (/) - cycle Shift-Dir - straight line, f - large abomination
Aim: a large abomination (83% to hit)
You throw a curare-tipped dart.
The curare-tipped dart hits the large abomination.
You slash the large abomination!
The large abomination is lightly damaged.
The large abomination hits you!!
* * * LOW HITPOINT WARNING * * *
Okay, then.
Unknown command.
You hit the large abomination.
The large abomination is moderately damaged.
You block the large abomination's attack.
You hit the large abomination.
The large abomination is moderately damaged.
The large abomination completely misses you.
You hit the large abomination.
The large abomination is heavily damaged.
The large abomination hits you!
* * * LOW HITPOINT WARNING * * *
You hit the large abomination.
The large abomination is heavily damaged.
You hit the large abomination.
The large abomination is heavily damaged.
The large abomination hits you!!
* * * LOW HITPOINT WARNING * * *
You're too exhausted to draw out your power.
Okay, then.
Unknown command.
Okay, then.
Unknown command.
Okay, then.
Unknown command.
You hit the large abomination but do no damage.
The large abomination is heavily damaged.
You block the large abomination's attack.
You hit the large abomination.
The large abomination is heavily damaged.
The large abomination hits you!!
You die...

.##.. # . #
X. # ## . .
## .. #.#.#
#. ##..## .
.. ##(..#.
. #.##X.# .
. #..@..##
#
~~.....####
.. ###..#.#
# #.. .. #
## ##.# .
#. .# .# #
. .


You could see a large abomination.

Vanquished Creatures
  Rupert (Lair:4)
  Gastronok (Lair:1)
  An orc warlord (Orc:2)
  3 dire elephants (Lair:5)
  The ghost of Athor the Cleaver, a journeyman FoFi of Uskayaw (D:10)
  Josephine (Lair:3)
  A yaktaur captain (D:13)
  5 hydras
  5 centaur warriors
  2 boulder beetles
  4 two-headed ogres
  A death yak (Lair:5)
  3 orc high priests
  A tengu warrior (D:9)
  10 skeletal warriors
  A spectral death yak (Lair:5)
  A spectral anaconda (Lair:5)
  A deep elf pyromancer (D:11)
  A wizard (D:14)
  6 orc knights
  Pikel (D:3)
  An obsidian statue (Lair:5)
  4 necromancers (Lair:5)
  5 orc sorcerers
  A lindwurm (Lair:5)
  A will-o-the-wisp (Abyss:2)
  5 ugly things
  5 manticores
  4 cyclopes
  15 elephants
  5 black mambas
  3 ice statues (IceCv)
  11 cane toads
  Maggie (D:9)
  Psyche (D:11)
  A rime drake (shapeshifter) (D:15)
  2 dire elephant skeletons (Lair:5)
  A kobold demonologist (D:11)
  An unseen horror (D:12)
  2 rime drakes (Lair:3)
  11 komodo dragons
  2 tengu conjurers (D:15)
  2 yaktaurs (D:13)
  A freezing wraith (D:15)
  An efreet (D:15)
  3 trolls
  3 hornets
  A queen bee (D:10)
  2 ancient zymes (Abyss:2)
  Grinder (D:3)
  A polar bear (shapeshifter) (D:14)
  A spectral elephant (Lair:5)
  5 slime creatures
  22 blink frogs
  5 dream sheep (Lair:5)
  6 wraiths
  2 ynoxinuls (Abyss:2)
  2 wyverns
  3 vampires
  2 shadows
  Grum (D:9)
  43 yaks
  16 vampire mosquitoes
  7 basilisks
  A steam dragon (D:6)
  2 death yak simulacra (IceCv)
  A harpy simulacrum (IceCv)
  8 wargs
  An acid dragon (D:13)
  A hydra simulacrum (IceCv)
  11 water moccasins
  A sky beast (D:7)
  24 wolves
  9 ogres
  5 black bears
  36 orc warriors
  A boggart (D:9)
  2 ice beasts
  7 centaurs
  A lemure (D:4)
  3 elephant skeletons (Lair:5)
  A phantom (D:5)
  10 bullfrogs
  3 kobold brigands
  A necrophage (D:7)
  A gnoll sergeant (D:9)
  3 scorpions (Lair:3)
  4 wights (D:9)
  4 elephant simulacra
  13 killer bees
  An electric eel (Lair:4)
  9 howler monkeys
  4 centaur zombies (Ossuary)
  3 hounds
  An iron imp (Abyss:2)
  19 orc priests
  A gnoll bouda (D:8)
  2 jellies
  3 iguanas
  Terence (D:3)
  Ijyb (D:3)
  26 orc wizards
  6 hell rats (Lair:3)
  A polar bear simulacrum (IceCv)
  A wolf simulacrum (IceCv)
  5 mummies (Ossuary)
  7 gnolls
  9 adders
  A white imp (D:6)
  An ufetubus (D:4)
  3 worms
  3 dart slugs
  63 orcs
  5 ball pythons
  3 bats
  4 endoplasms
  3 giant cockroaches
  5 goblins
  15 hobgoblins
  3 jackals (D:2)
  18 kobolds
  4 quokkas
  3 frilled lizards
  A hobgoblin zombie (Ossuary)
  6 rats
  A butterfly (Lair:3)
659 creatures vanquished.

Vanquished Creatures (others)
  Sonja (Lair:2)
  A komodo dragon (Lair:5)
  A yak (Lair:3)
  3 orc wizards
  An orc (Orc:2)
  4 foxfires (Abyss:2)
  21 fungi
  37 plants
  12 withered plants (Lair:5)
81 creatures vanquished.

Grand Total: 740 creatures vanquished

Notes
Turn   | Place    | Note
-------+----------+-------------------------------------------
     0 | D:1      | Armakuni the Human Monk began the quest for the Orb.
     0 | D:1      | Reached XP level 1. HP: 18/18 MP: 1/1
    66 | D:1      | Reached XP level 2. HP: 12/24 MP: 2/2
   153 | D:1      | Found a faded altar of an unknown god.
   379 | D:1      | Reached XP level 3. HP: 26/29 MP: 3/3
  1034 | D:2      | Reached skill level 1 in Spellcasting
  1034 | D:2      | Reached XP level 4. HP: 30/35 MP: 3/5
  1040 | D:2      | Learned a level 2 spell: Wereblood
  1272 | D:2      | Reached skill level 4 in Long Blades
  1782 | D:3      | Noticed Terence
  1859 | D:3      | Reached skill level 1 in Transmutations
  1860 | D:3      | Noticed Ijyb
  2000 | D:3      | Found a glowing golden altar of the Shining One.
  2259 | D:3      | Killed Ijyb
  2260 | D:3      | Reached skill level 1 in Evocations
  2260 | D:3      | Reached XP level 5. HP: 40/41 MP: 6/6
  2270 | D:3      | Noticed Grinder
  2276 | D:3      | Killed Grinder
  2277 | D:3      | Reached XP level 6. HP: 48/48 MP: 7/7
  2461 | D:3      | Killed Terence
  2593 | D:4      | Noticed Pikel
  2611 | D:3      | Killed Pikel
  2612 | D:3      | Reached skill level 5 in Fighting
  2612 | D:3      | Reached skill level 5 in Dodging
  2612 | D:3      | Reached XP level 7. HP: 42/56 MP: 8/8
  2612 | D:3      | Reached XP level 8. HP: 47/62 MP: 9/9
  2710 | D:4      | Reached skill level 1 in Armour
  2756 | D:4      | Found a sand-covered staircase.
  2766 | Ossuary  | Entered an ossuary
  3332 | D:5      | Entered Level 5 of the Dungeon
  3333 | D:5      | Found a bloodstained altar of Trog.
  3392 | D:5      | Reached skill level 5 in Armour
  3473 | D:5      | Reached skill level 5 in Long Blades
  3473 | D:5      | Reached XP level 9. HP: 68/68 MP: 10/10
  3548 | D:5      | Found a shimmering blue altar of Sif Muna.
  3631 | D:5      | Reached skill level 6 in Long Blades
  3756 | D:5      | Found a radiant altar of Vehumet.
  3857 | D:5      | Found a hazy altar of Hepliaklqana.
  3941 | D:6      | Reached skill level 7 in Long Blades
  4213 | D:6      | Reached skill level 8 in Long Blades
  4241 | D:6      | Found a staircase to the Ecumenical Temple.
  4250 | Temple   | Entered the Ecumenical Temple
  4683 | D:7      | Reached skill level 9 in Long Blades
  4776 | D:7      | Reached XP level 10. HP: 48/74 MP: 11/11
  4801 | D:7      | Found a sacrificial altar of Ru.
  4892 | D:7      | Became a worshipper of Ru the Awakened
  5061 | D:7      | Found an opulent altar of Gozag.
  5801 | D:9      | Noticed a boulder beetle
  5823 | D:9      | Reached skill level 5 in Evocations
  5852 | D:9      | Noticed a manticore
  5852 | D:9      | Noticed a centaur warrior
  5852 | D:9      | Noticed a manticore
  5853 | D:9      | Noticed a two-headed ogre
  5853 | D:9      | Noticed a tengu warrior
  5859 | D:9      | Killed a manticore
  5915 | D:9      | Found Buetuitom's Distillery.
  5916 | D:9      | Noticed Grum
  5941 | D:9      | Killed Grum
  5951 | D:9      | Bought 2 potions of heal wounds for 150 gold pieces
  5951 | D:9      | Bought a potion of mutation for 120 gold pieces
  5951 | D:9      | Bought a potion of lignification for 45 gold pieces
  5976 | D:9      | Found Ciewk's Magic Scroll Shoppe.
  5981 | D:9      | Bought a scroll of identify for 30 gold pieces
  5981 | D:9      | Bought a scroll of identify for 30 gold pieces
  6132 | D:9      | Found Upsuriev's Antique Armour Boutique.
  6190 | D:9      | Noticed Maggie
  6199 | D:9      | Killed Maggie
  6200 | D:9      | Noticed a centaur warrior
  6237 | D:9      | Killed a centaur warrior
  6238 | D:9      | Reached XP level 11. HP: 46/80 MP: 12/12
  6374 | D:9      | Killed a manticore
  6487 | D:9      | Killed a tengu warrior
  6488 | D:9      | Reached skill level 10 in Evocations
  6558 | D:9      | Found a snail-covered altar of Cheibriados.
  6642 | D:9      | Killed a boulder beetle
  6728 | D:9      | Killed a two-headed ogre
  6825 | D:9      | Noticed a centaur warrior
  6833 | D:9      | Killed a centaur warrior
  6931 | D:9      | Found Ypnuuschiwe's Book Emporium.
  7302 | D:9      | Found Tiegun's Weapon Boutique.
  7352 | D:10     | Entered Level 10 of the Dungeon
  7485 | D:10     | Noticed Athor's ghost (journeyman FoFi)
  7488 | D:10     | Found a transporter.
  7493 | D:10     | Found a transporter.
  7634 | D:10     | Reached XP level 12. HP: 42/88 MP: 13/13
  7686 | D:10     | Found a burning altar of Makhleb.
  7686 | D:10     | Noticed a balrug
  7774 | D:10     | Found a staircase to the Lair.
  7867 | D:10     | Found a staircase to the Orcish Mines.
  8021 | D:10     | Found an ornate altar of the Wu Jian Council.
  8021 | D:10     | Found an iron altar of Okawaru.
  8023 | D:10     | Found a glowing silver altar of Zin.
  8024 | D:10     | Found a hide-covered altar of Uskayaw.
  8203 | Lair:1   | Entered Level 1 of the Lair of Beasts
  8272 | Lair:1   | Noticed Gastronok
  8290 | Lair:1   | Killed Gastronok
  8680 | Lair:1   | Gained mutation: You cannot study or use magical devices.
                  | [Ru sacrifice]
  8680 | Lair:1   | Reached * piety under Ru
  8680 | Lair:1   | Reached ** piety under Ru
  8680 | Lair:1   | Reached *** piety under Ru
  8752 | D:9      | Bought a heavily runed buckler for 228 gold pieces
  8752 | D:9      | Identified the +0 buckler of the Snail {rN+ SInv} (You
                  | bought it in a shop on level 9 of the Dungeon)
  8816 | Lair:1   | Reached skill level 1 in Shields
  9455 | Lair:2   | Noticed Sonja
  9484 | Lair:2   | Killed Sonja
  9597 | Lair:2   | Noticed a six-headed hydra
  9608 | Lair:2   | Killed a one-headed hydra
  9609 | Lair:2   | Reached skill level 5 in Shields
  9740 | Lair:2   | Reached XP level 13. HP: 86/96 MP: 14/14
 10226 | Lair:2   | Reached skill level 10 in Long Blades
 10316 | Lair:3   | Found a staircase to the Swamp.
 10375 | Lair:3   | Noticed a four-headed hydra
 10454 | Lair:3   | Identified the +8 falchion "Nymuwkam" {elec, Fly rF+++
                  | Will- Int+7}
 10697 | D:9      | Bought a +0 scimitar for 40 gold pieces
 11055 | D:11     | Noticed Psyche
 11062 | D:11     | Killed Psyche
 12645 | D:12     | Reached XP level 14. HP: 106/106 MP: 15/15
 12831 | D:13     | Reached skill level 11 in Long Blades
 13028 | D:13     | Found a gate to the Vaults.
 14218 | D:14     | HP: 1/104 [spore (36)]
 14219 | D:14     | Reached skill level 12 in Long Blades
 14552 | D:15     | Entered Level 15 of the Dungeon
 14804 | Lair:2   | Reached skill level 10 in Fighting
 15057 | Lair:3   | Reached skill level 5 in Stealth
 15154 | Lair:3   | Noticed Josephine
 15175 | Lair:3   | Killed Josephine
 15344 | Lair:3   | Found a hole to the Spider Nest.
 15871 | Lair:4   | Noticed Rupert
 15918 | Lair:4   | Reached XP level 15. HP: 112/112 MP: 16/16
 15981 | Lair:4   | Found a frozen archway.
 15990 | IceCv    | Entered an ice cave
 16026 | IceCv    | Identified the +9 rapier "Tacuizoe" {speed, rF++ rC-
                  | Will++}
 16464 | Lair:4   | Found a staircase to the Slime Pits.
 16465 | Lair:4   | Found a viscous altar of Jiyva.
 16690 | Lair:4   | Killed Rupert
 17226 | Lair:5   | Entered Level 5 of the Lair of Beasts
 17274 | Lair:5   | Reached skill level 10 in Stealth
 17298 | Lair:5   | Identified the +0 chain mail of the Hunter {rPois}
 18910 | Orc:1    | Entered Level 1 of the Orcish Mines
 19243 | Orc:2    | Entered Level 2 of the Orcish Mines
 19330 | Orc:2    | Found a staircase to the Elven Halls.
 19365 | Orc:1    | Found the +15 Maxwell's patent armour {-Cast -Tele rElec
                  | Will+ rCorr}
 19551 | Orc:2    | Reached XP level 16. HP: 122/122 MP: 17/17
 20218 | Orc:2    | Found Ylenaurch's Antique Armour Boutique.
 20223 | Orc:2    | Found Byabla's Antique Weapon Shop.
 20231 | Orc:2    | Found Xouss's General Store.
 20231 | Orc:2    | Found Vaujil's Book Boutique.
 20528 | D:10     | Killed Athor's ghost
 20570 | D:10     | Identified the ring of the Tarantula {*Corrode rPois rN+
                  | Slay+5}
 20786 | D:15     | Found Xofue's Assorted Antiques.
 20800 | D:15     | Reached skill level 15 in Stealth
 20800 | D:15     | Gained mutation: You cannot be stealthy. [Ru sacrifice]
 20800 | D:15     | Reached **** piety under Ru
 20867 | D:15     | Bought a scroll of blinking for 157 gold pieces
 21172 | D:15     | Found a stormy altar of Qazlal.
 21322 | D:15     | Noticed Louise
 21332 | Abyss:2  | Cast into level 2 of the Abyss (Louise)
 21589 | Abyss:2  | Reached skill level 13 in Long Blades
 21594 | Abyss:2  | HP: 3/107 [sun demon[a balrug] (8)]
 21732 | Abyss:2  | HP: 1/101 [large abomination (24)]
 21734 | Abyss:2  | Annihilated by a large abomination

Illustrated notes

Levels and vault maps discovered:
D:1:      saegor_arrival_fortress, layout_basic,
          shapermc_ecumenical_altar_acropolis
D:2:      layout_loops_ring, serial_forest, infiniplex_forest_end_2,
          infiniplex_forest_end_2, infiniplex_forest_straight_2,
          infiniplex_forest_3_way, infiniplex_forest_end_3,
          infiniplex_forest_clump_curved, infiniplex_forest_clump_small,
          chequers_serial_rivers_micro_a, corexii_corridor_pit,
          minmay_misc_feat_cross
D:3:      layout_rooms, tso_metal_star, nicolae_eternal_life, uniq_terence,
          uniq_ijyb, uniq_grinder
D:4:      layout_cave_pools, nicolae_ossuary_entry_monument, uniq_pikel
D:5:      layout_rooms, overflow_temple_1_default, marbit_many_paths,
          mainiacjoe_overflow_alcove_1, nicolae_hepliaklqana_hippocampus,
          grunt_ministairs_4
D:6:      layout_basic, minmay_temple_entry_statues
D:7:      layout_cave_pools, hangedman_ru_absence, mainiacjoe_overflow_catwalk
D:8:      layout_gridville, nicolae_grassy_gnolls
D:9:      layout_grid_maze, kennysheep_slug_shrine, serial_shops,
          nicolae_shop_temple_entry_statues_fountains, kennysheep_mini,
          nicolae_shop_hallway_plus, nicolae_shop_waterfront,
          nicolae_inconvenience_store, minivault_28, uniq_grum, uniq_maggie
D:10:     layout_cave_pools, makhleb_altar_promises_db, minitemple,
          erik_lair_orcish_takeover, david_orc_4, gammafunk_ghost_hive
D:11:     layout_basic, minmay_librarian, uniq_psyche
D:12:     layout_basic
D:13:     layout_irregular_city, david_vaults_2
D:14:     layout_irregular_city, infiniplex_staircase_door_maze
D:15:     grunt_enter_depths_magical_seal, layout_loops_ring,
          hangedman_decor_riveting, serial_shops, nicolae_shop_trees,
          grunt_qazlal_clouds, uniq_louise, uniq_jorgrun
Temple:   corrupted_temple
Lair:1:   layout_loops_ring, hibernation_bobbens, uniq_gastronok
Lair:2:   layout_roguey, grunt_megastairs_4, lemuel_fruit_fields, uniq_sonja
Lair:3:   layout_small_grid, minmay_swamp_entry_swarm,
          nicolae_spider_entry_non_spiders, lemuel_fruit_fields, uniq_josephine
Lair:4:   layout_cellular_growth, slime_entry_1,
          portal_ice_cave_entry_pillars_2, fungi_pond_lemuel,
          grunt_megastairs_2, uniq_rupert
Lair:5:   due_jungle_book, layout_gridlike, st_stairs_7,
          dreamdust_mushroom_princess
Orc:1:    hellmonk_paralyzer, layout_caves, dreamdust_deal_with_the_devil,
          nicolae_orc_sculptors_studio
Orc:2:    st_orc_congregation, layout_caves, basic_altar
Abyss:2:  base:
D:2

Skill      XL: |  1  2  3  4  5  6  7  8  9 10 11 12 13 14 15 16 |
---------------+-------------------------------------------------+-----
Spellcasting   | 1 |  1.0
Long Blades    | 4 5 9 10 12 13 | 13.0
Transmutations | 1 3 |  3.0
Evocations     | 1 8 12 0 |  0.0
Fighting       | 4 5 6 7 8 10 | 10.0
Dodging        | 4 5 7 9 |  9.2
Armour         | 5 |  5.0
Shields        | 5 9 |  9.0
Stealth        | 6 13 0 |  0.0

Action                   |  1- 3 |  4- 6 |  7- 9 | 10-12 | 13-15 | 16-18 || total
-------------------------+-------+-------+-------+-------+-------+-------++-------
Melee: Falchion          |   125 |    73 |       |       |       |       ||   198
       Long sword        |       |     4 |   140 |   510 |  1167 |   361 ||  2182
       Punch             |       |       |       |     5 |       |       ||     5
       Scimitar          |       |       |       |       |    13 |       ||    13
Throw: Dart              |       |       |       |    24 |     9 |     4 ||    37
       Throwing net      |       |       |       |     5 |     2 |       ||     7
Invok: Draw Out Power    |       |       |       |     1 |     9 |     6 ||    16
       Sacrifice Artific |       |       |       |     1 |       |       ||     1
       Reject Sacrifices |       |       |       |       |     1 |       ||     1
       Power Leap        |       |       |       |       |       |     1 ||     1
       Sacrifice Stealth |       |       |       |       |       |     1 ||     1
Evoke: Wand              |       |    11 |       |    11 |       |       ||    22
  Use: Scroll            |     3 |     1 |    13 |     9 |    10 |     1 ||    37
       Potion            |       |       |       |     3 |    11 |    12 ||    26
 Stab: Sleeping          |       |     1 |     3 |     1 |    16 |     2 ||    23
       Held in net/web   |       |       |       |     1 |       |       ||     1
       Distracted        |       |       |       |     1 |     7 |     1 ||     9
       Invisible         |       |       |       |       |     9 |     5 ||    14
Armor: Robe              |    12 |       |       |       |       |       ||    12
       Ring mail         |    19 |    21 |    50 |       |       |       ||    90
       Steam dragon scal |       |       |    18 |    36 |       |       ||    54
       Swamp dragon scal |       |       |       |   167 |   381 |    77 ||   625
Dodge: Dodged            |    84 |    41 |   124 |   381 |   734 |   220 ||  1584
Block: Buckler           |       |       |       |    23 |   383 |    95 ||   501

Table legend: (Time is in decaauts)
 A = Elapsed time spent in this place.
 B = Non-inter-level travel time spent in this place.
 C = Inter-level travel time spent in this place.
 D = Time resting spent in this place.
 E = Time spent auto-exploring this place.
 F = Levels seen in this place.
 G = Mean time per level.
                   A        B        C        D        E       F      G
               +--------+--------+--------+--------+--------+-----+--------+
         Total |  21529 |  19655 |   1874 |   1804 |  11641 |  26 |  828.0 |
       Dungeon |  13065 |  12015 |   1050 |    819 |   7873 |  15 |  871.0 |
        Temple |     54 |     54 |      0 |      0 |     22 |   1 |   54.0 |
          Lair |   5977 |   5263 |    714 |    371 |   2995 |   5 | 1195.4 |
  Orcish Mines |   1421 |   1311 |    110 |     80 |    717 |   2 |  710.5 |
         Abyss |    391 |    391 |      0 |    246 |      0 |   1 |  391.0 |
       Ossuary |    212 |    212 |      0 |    110 |     33 |   1 |  212.0 |
      Ice Cave |    405 |    405 |      0 |    176 |      0 |   1 |  405.0 |
               +--------+--------+--------+--------+--------+-----+--------+

Top non-repeatable levels by time:
     D:9: 1621 daAuts
  Lair:5: 1343 daAuts
  Lair:1: 1294 daAuts
    D:11: 1278 daAuts
  Lair:2: 1252 daAuts
    D:10: 1231 daAuts
     D:2: 1123 daAuts
    D:14: 1114 daAuts
  Lair:3: 1095 daAuts
   Orc:2: 1036 daAuts
  Lair:4: 992 daAuts
    D:12: 950 daAuts
     D:1: 780 daAuts
    D:13: 716 daAuts
     D:3: 705 daAuts
